AoeStats
← nathanyeung

Arabia

504696660Analyzed
1v1 RM · 25d ago on Sep 6, 2026· 62m 22s· 2 players
Game mode
Random Map
Map size
Tiny (2 player)
Population
200
Speed
Normal
Resources
Standard
Victory
Conquest
Starting age
Dark Age
Ending age
Imperial Age
RankedLock teamsTeams togetherTeam positionsShared explorationLock speedFull tech treeHidden civsTurbo modeCheats
Victory
Defeat
🇭🇰 Saracens · Hong Kong SAR China
714
+21
🇷🇺 Franks · Russia
816
-21
nathanyeung
7:40 Loom
11:19 Feudal Age
12:06 Double-Bit Axe
12:14 Gold Mining
18:46 Castle Age
17:56 Forging
19:05 Scale Mail Armor
20:47 Gold Shaft Mining
22:38 Wheelbarrow
23:20 Pikeman
24:18 Fletching
24:56 Bow Saw
25:39 Iron Casting
25:00 Bodkin Arrow
25:57 Town Watch
28:01 Chain Mail Armor
33:34 Imperial Age
31:28 Scale Barding Armor
31:01 Light Cavalry
32:32 Bloodlines
33:05 Husbandry
33:35 Chain Barding Armor
35:37 Two-Man Saw
36:05 Blast Furnace
37:07 Plate Barding Armor
37:59 Hand Cart
37:45 Town Patrol
37:12 Hussar
42:27 Conscription
42:36 Squires
43:13 Bracer
44:25 Plate Mail Armor
53:30 Man-at-Arms
53:55 Gambesons
53:57 Arson
55:37 Long Swordsman
56:17 Two-Handed Swordsman
sweet summer child
11:33 Loom
15:00 Feudal Age
17:24 Double-Bit Axe
21:36 Castle Age
20:55 Gold Mining
23:13 Bow Saw
25:04 Wheelbarrow
24:53 Stone Mining
25:08 Town Watch
26:52 Fervor
26:45 Murder Holes
27:14 Ballistics
28:49 Gold Shaft Mining
29:20 Light Cavalry
30:01 Husbandry
32:27 Hand Cart
32:55 Masonry
33:27 Husbandry
33:50 Town Patrol
36:58 Imperial Age
34:25 Fletching
36:46 Forging
36:32 Bodkin Arrow
36:42 Scale Barding Armor
36:43 Pikeman
37:24 Squires
37:09 Arson
37:26 Scale Mail Armor
38:15 Iron Casting
37:45 Cavalier
38:28 Padded Archer Armor
41:27 Conscription
41:08 Chivalry
40:41 Halberdier
43:31 Chemistry
43:02 Architecture
42:37 Siege Engineers
43:37 Fortified Wall
47:35 Blast Furnace
46:56 Chain Barding Armor
46:52 Leather Archer Armor
46:53 Chain Mail Armor
51:03 Elite Skirmisher
52:17 Plate Mail Armor
52:22 Plate Barding Armor
57:31 Hoardings
Connection lost

Rejoining the realm…

Still unreachable

The connection could not be restored.

Session expired

The server has moved on; the page needs a fresh start.